 Dungeon Crawl Stone Soup version 0.31-a0-7-g51783674b7 (webtiles) character file.

Game seed: 2117728703376102517

4 Getoffmy the Poker (level 1, 16/16 HPs)
             Began as a Merfolk Gladiator on May 5, 2023.
             Was a High Priest of Ignis.
             Got out of the dungeon alive.
             The game lasted 00:00:28 (187 turns).

Getoffmy the Poker (Merfolk Gladiator)               Turns: 187, Time: 00:00:28

Health: 16/16      AC:  4    Str: 14    XL:     1   Next: 60%
Magic:  1/1        EV: 13    Int:  7    God:    Ignis [*****.]
Gold:   10         SH:  0    Dex: 15    Spells: 0/0 levels left

rFire   + . .        a - +0 trident
rCold   . . .        (no shield)
rNeg    . . .        b - +0 leather armour
rPois   .            c - +0 helmet
rElec   .            (no cloak)
rCorr   .            (no gloves)
SInv    .            (no boots)
Will    .....        (no amulet)
Stlth   +            (no ring)
HPRegen 0.22/turn    (no ring)
MPRegen 0.07/turn

%: no passive effects
@: no status effects
A: (nimble swimmer 2), mertail
a: Renounce Religion, Fiery Armour, Foxfire Swarm, Rising Flame


You escaped.
You worshipped Ignis.
Ignis was extremely pleased with you.
You visited 1 branch of the dungeon, and saw 1 of its levels.

You collected 10 gold pieces.

Inventory:

Hand Weapons
 a - a +0 trident (weapon)
Missiles
 d - 3 throwing nets (quivered)
 e - a javelin
 f - 9 stones
Armour
 b - a +0 leather armour (worn)
 c - a +0 helmet (worn)
Potions
 g - a potion of might {unknown}


   Skills:
 + Level 2.2 Fighting
 * Level 4.1 Polearms
 + Level 2.0 Throwing
 + Level 4.1 Dodging


You couldn't memorise any spells.
You didn't know any spells.
Your spell library contained the following spells:

 Spells                   Type           Power      Damage    Failure   Level
 Summon Small Mammal      Summ           0%         N/A       52%         1
 Call Canine Familiar     Summ           0%         N/A       87%         3
 Summon Guardian Golem    Hex/Summ       0%         N/A       87%         3


Dungeon Overview and Level Annotations

Branches:
Dungeon (1/15)

Altars:
Ignis


Innate Abilities, Weirdness & Mutations

((You are very nimble when in or above water. (Stealth+, EV+, Speed+++)))
Your lower body shifts to a powerful aquatic tail in water.


Message History

There is an open door here.
You open the door.
There is an open door here.
You open the door. As you open the door, it creaks loudly!
As you open the door, it creaks loudly!
Found 10 gold pieces.
There is an open door here.
You now have 10 gold pieces.
There is an open door here.
There is an open door here.
A frilled lizard comes into view.
A frilled lizard is nearby!
You reach to attack!
You hit the frilled lizard.
You kill the frilled lizard!
No target in view!
No target in view!
Found a faded altar of an unknown god.
g - a coppery potion A goblin comes into view.
It is wielding a +0 club.
The goblin shouts!
Found a book of Callings.
You hit the goblin.
You kill the goblin!
No target in view!
No target in view!
No target in view!
You see here a +0 club.
You pick up a book of Callings and begin reading...
You add the spells Summon Small Mammal, Call Canine Familiar and Summon Guardian Golem to your library.
There is a faded altar of an unknown god here.
This altar belongs to (a) Ignis, (b) Makhleb or (c) Kikubaaqudgha, but you can't tell which.
Press the corresponding letter to learn more about a god, or press enter to convert or escape to cancel.
Ignis accepts your prayer! Ignis welcomes you!
There is an open door here.
You see here a rat corpse.
There is an open door here.
There is a staircase leading out of the dungeon here.
Are you sure you want to leave the Dungeon?
This will make you lose the game!
You have escaped!

###########
#~.#...#..#
#..'...'..#
#..#...#..#
####..†####
#..#...#..#
#..'...'.@#
#.P#.#.#..#
####.#.####
#..#..†#..#
#..'...'..#
#P.#...#..#
####...####
#P.#...#..#
#..'...'..#


There were no monsters in sight!

Vanquished Creatures
  A giant cockroach (D:1)
  A goblin (D:1)
  A frilled lizard (D:1)
  A rat (D:1)
4 creatures vanquished.

Notes
Turn   | Place    | Note
-------+----------+-------------------------------------------
     0 | D:1      | Getoffmy the Merfolk Gladiator began the quest for the Orb.
     0 | D:1      | Reached XP level 1. HP: 16/16 MP: 1/1
   101 | D:1      | Found a faded altar of an unknown god.
   131 | D:1      | Prayed at the altar of an unknown god.
   131 | D:1      | Became a worshipper of Ignis, the Dying Flame
   187 | D:$      | Got out of the dungeon alive.

Illustrated notes

Levels and vault maps discovered:
D:1:      dpeg_arrival_prison, layout_basic, serial_shops, nicolae_square_shop,
          hellmonk_ecumenical_altar_zigzags, minmay_quantized

Action                     || total
---------------------------++-------
  Melee: Trident           ||     4

Table legend: (Time is in decaauts)
 A = Elapsed time spent in this place.
 B = Non-inter-level travel time spent in this place.
 C = Inter-level travel time spent in this place.
 D = Time resting spent in this place.
 E = Time spent auto-exploring this place.
 F = Levels seen in this place.
 G = Mean time per level.
                   A        B        C        D        E       F      G
               +--------+--------+--------+--------+--------+-----+--------+
         Total |    187 |    133 |     54 |      0 |     92 |   1 |  187.0 |
       Dungeon |    187 |    133 |     54 |      0 |     92 |   1 |  187.0 |
               +--------+--------+--------+--------+--------+-----+--------+

Top non-repeatable levels by time:
     D:1: 187 daAuts
